Map: Dusk Towers

Players

Jerit

  • Race: Zerg Zerg

A.I. 1 (Very Easy) - Winner!

  • Race: Protoss Protoss

VOD

Have the link to the VOD?

Description

The goal is 30 roaches @6minutes, with speed and +1 attack. Practice until you can get this 6 minute benchmark. This is the important part of this exercise. In the replay, I just kinda freestyled it after that, saturated 3rd and happen to max out @8minutes. This shows you can simply follow up the 6minute attack by rallying units to the enemy base and just overwhelm them with numbers.

Opening is gasless, 17Hatch 18Pool 19Ovi 22Queen(x2). Once 2 queens are making, immediately get 3rd base. You don't need to worry about safety lings for now, but in a real game you would get 2 pairs of lings. The economy is 2 base saturation, 3 gas. In hots, you only needed 2 base. But you have only 3 larva instead of 4/inject, in LotV. And you have extra early minerals, so I get a 3rd just for larva (aka macro hatch).

Timings: gasless opening, get double gas @3min, 1st 100 gas get lair and immediately get evo + Roach Warren + 3rd gas.

Upgrades: roach speed & range attack

Time

  • Played on: Nov. 28, 2015, 5:21 p.m.
  • Length: 8:12
Show
View Real Time Build Order
Export as new Build Order

Jerit Zerg 

Build Orders: Hatch First 

Get SALT Encoding   

  12  0:01  Drone  
  13  0:13  Overlord  
  13  0:19  Drone  
  14  0:32  Drone x2  
  14  0:35  Drone  
  17  0:56  Hatchery  
  17  0:57  Drone  
  17  1:00  Drone  
  18  1:14  Spawning Pool  
  18  1:17  Drone  
  18  1:21  Drone  
  19  1:29  Drone  
  20  1:39  Overlord  
  20  1:50  Drone  
  21  2:01  Drone  
  22  2:03  Queen  
  22  2:08  Queen  
  24  2:10  Overlord  
  26  2:23  Drone  
  26  2:24  Hatchery, Drone  
  26  2:29  Drone  
  28  2:38  Queen  
  28  2:44  Queen  
  30  2:45  Overlord  
  30  2:46  Drone  
  30  2:49  Drone  
  30  2:51  Drone  
  35  2:55  Extractor  
  35  2:56  Drone, Extractor  
  34  2:59  Drone  
  34  3:02  Drone  
  36  3:05  Overlord  
  36  3:15  Drone x4  
  40  3:32  Drone x3  
  40  3:33  Drone x2  
  45  3:41  Drone  
  46  3:42  Drone  
  46  3:43  Drone  
  48  3:50  Drone  
  49  3:57  Lair  
  49  4:00  Evolution Chamber  
  49  4:02  Roach Warren  
  47  4:04  Extractor  
  46  4:14  Drone  
  46  4:15  Drone x3  
  46  4:16  Drone  
  46  4:17  Drone  
  52  4:32  Zerg Missile Weapons Level 1  
  52  4:34  Overlord x3  
  52  4:35  Overlord  
  52  4:50  Roach  
  52  4:51  Roach x5  
  64  4:54  Glial Reconstitution  
  64  4:56  Roach  
  64  4:57  Roach x5  
  76  5:00  Roach  
  76  5:03  Roach  
  76  5:05  Roach  
  82  5:14  Overlord x2  
  82  5:15  Overlord  
  84  5:28  Roach  
  84  5:29  Roach x6  
  96  5:43  Roach  
  96  5:44  Roach x4  
  106  5:50  Roach x2  
  106  5:52  Roach  
  112  5:57  Overlord x2  
  112  6:01  Roach x3  
  118  6:09  Extractor  
  118  6:10  Drone  
  118  6:11  Drone x2  
  120  6:31  Roach  
  120  6:32  Roach x3  
  128  6:39  Drone x8  
  136  6:58  Overlord x3  
  136  6:59  Overlord x2  
  136  7:09  Overlord x2  
  136  7:13  Roach  
  138  7:18  Roach  
  138  7:19  Roach x7  
  138  7:22  Overlord  
  154  7:30  Roach  
  154  7:31  Roach x8  
  154  7:35  Overlord  
  172  7:42  Roach x2  
  176  7:49  Roach x3  
Show
View Real Time Build Order
Export as new Build Order

A.I. 1 (Very Easy) Protoss - Winner!

Build Orders: 1 Gate Expand, Nexus First 

Get SALT Encoding   

  12  0:01  Probe (Chrono Boost)  
  13  0:11  Probe (Chrono Boost)  
  14  0:20  Pylon  
  14  0:42  Gateway  
  14  1:00  Nexus  
  14  1:18  Pylon  
  14  1:22  Assimilator  
  14  1:26  Zealot  
  16  1:34  Cybernetics Core  
  16  1:37  Probe (Chrono Boost)  
  17  1:48  Probe (Chrono Boost)  
  18  1:58  Assimilator  
  18  1:59  Probe (Chrono Boost)  
  19  2:10  Probe (Chrono Boost)  
  19  2:11  Stalker  
  19  2:15  Probe (Chrono Boost)  
  23  2:17  Warp Gate  
  24  2:23  Probe (Chrono Boost)  
  24  2:29  Probe (Chrono Boost)  
  26  2:38  Probe (Chrono Boost)  
  26  2:46  Probe (Chrono Boost)  
  26  2:47  Assimilator  
  26  2:50  Pylon  
  27  2:54  Probe (Chrono Boost)  
  28  3:00  Probe (Chrono Boost)  
  29  3:08  Probe (Chrono Boost)  
  30  3:13  Robotics Facility  
  30  3:14  Probe (Chrono Boost)  
  31  3:22  Zealot  
  34  3:28  Probe (Chrono Boost)  
  35  3:36  Probe (Chrono Boost)  
  36  3:42  Probe (Chrono Boost)  
  37  3:50  Probe (Chrono Boost)  
  38  3:56  Probe (Chrono Boost)  
  38  3:58  Observer  
  39  4:04  Probe (Chrono Boost)  
  40  4:12  Probe (Chrono Boost)  
  41  4:17  Probe (Chrono Boost)  
  41  4:18  Observer  
  41  4:23  Assimilator  
  43  4:26  Probe (Chrono Boost)  
  44  4:31  Probe (Chrono Boost)  
  44  4:34  Pylon  
  45  4:39  Sentry, Probe (Chrono Boost)  
  48  4:46  Probe (Chrono Boost)  
  49  4:53  Probe (Chrono Boost)  
  50  6:50  Zealot  
  42  7:07  Pylon  
  41  7:20  Pylon  
  34  7:24  Probe (Chrono Boost)  
  34  7:31  Probe (Chrono Boost)  
  35  7:38  Gateway, Probe (Chrono Boost)  
  28  7:45  Probe (Chrono Boost)  
  28  7:48  Assimilator  
  24  7:53  Probe (Chrono Boost)  
  24  7:54  Pylon  
  15  8:00  Probe (Chrono Boost)  
  15  8:02  Assimilator  
  12  8:09  Pylon  
Tags
 
Add a new tag
Caveats
  • Supply blocks, unpowered buildings, or Contaminate may cause inaccurate times.
  • Supply counts are checked every 10 seconds.